 Dungeon Crawl Stone Soup version 0.22.1-2-g9c5b331 (webtiles) character file.

95 Fang the Skirmisher (level 4, 0/43 HPs)
             Began as a Gargoyle Berserker on Dec 11, 2018.
             Was a Believer of Trog.
             Slain by an orc
             ... wielding a +2 trident of venom
              (1 damage)
             ... on level 3 of the Dungeon.
             The game lasted 00:02:11 (2252 turns).

Fang the Skirmisher (Gargoyle Berserker)            Turns: 2252, Time: 00:02:12

Health: 0/43       AC:  5    Str: 26    XL:     4   Next: 65%
Magic:  4/4        EV: 12    Int:  8    God:    Trog [**....]
Gold:   62         SH:  0    Dex:  9    Spells: 3/3 levels left

rFire    . . .     SeeInvis .   a - +0 hand axe
rCold    . . .     Gourm    .   (no shield)
rNeg     + . .     Faith    .   b - +0 animal skin
rPois    ∞         Spirit   .   (no helmet)
rElec    +         Reflect  .   (no cloak)
rCorr    .         Harm     .   (no gloves)
MR       .....                  (no boots)
Stlth    ..........             (no amulet)
HPRegen  0.14/turn              (no ring)
MPRegen  0.09/turn              (no ring)

@: berserking, very quick
A: negative energy resistance 1, electricity resistance, unbreathing,
petrification resistance, rot immunity, AC +3
a: Berserk, Trog's Hand, Renounce Religion


You were on level 3 of the Dungeon.
You worshipped Trog.
Trog was pleased with you.
You were very hungry.

You visited 1 branch of the dungeon, and saw 3 of its levels.

You collected 62 gold pieces.

Inventory:

Hand Weapons
 a - a +0 hand axe (weapon)
Armour
 b - a +0 animal skin (worn)
Scrolls
 d - 4 scrolls of remove curse {unknown}
 f - 4 scrolls of identify {unknown}
 g - a scroll of enchant armour {unknown}
 h - a scroll of fog {unknown}
 l - 2 scrolls of enchant weapon {unknown}
 m - a scroll of amnesia {unknown}
 n - 3 scrolls of fear {unknown}
 p - a scroll of blinking {unknown}
Potions
 e - a potion of mutation {unknown}
 i - 3 potions of haste {unknown}
 j - a potion of invisibility {unknown}
 k - 2 potions of lignification {unknown}
 o - a potion of ambrosia {unknown}
Comestibles
 c - 4 rations


   Skills:
 + Level 4.1 Fighting
 + Level 3.7 Axes
 + Level 2.6 Armour
 + Level 2.1 Dodging


You had 3 spell levels left.
You didn't know any spells.
Your spell library was empty.

Dungeon Overview and Level Annotations

Branches:
Dungeon (3/15)

Altars:
Nemelex Xobeh
Ru
Xom


Innate Abilities, Weirdness & Mutations

You are resistant to torment.
Your stone body is resilient. (AC +3)
You are immune to poison.
You resist negative energy. (rN+)
You are resistant to electric shocks. (rElec)
You can survive without breathing.
You are immune to petrification.
You are immune to rotting.


Message History

a whip; 2 tomahawks; a chain mail You barely miss the orc.
The orc hits you with a trident of venom.
* * * LOW HITPOINT WARNING * * *
You hit the orc but do no damage.
The orc hits you with a trident of venom.
* * * LOW HITPOINT WARNING * * *
You hit the orc but do no damage. The orc misses you.
You barely miss the orc. The orc closely misses you.
A red film seems to cover your vision as you go berserk!
You feel yourself moving faster!
You feel mighty!
You are feeling very hungry.
The orc hits you but does no damage.
You completely miss the orc.
The orc hits you with a trident of venom.
* * * LOW HITPOINT WARNING * * *
You hit the orc.
The orc is almost dead.
The orc hits you with a trident of venom.
You die...

#.#
#(#
#.#
#.#
#.#
#.#
#)#
#)#
#@#
#o#
#.#
#.#
#.#
#..
#<#
###


You could see an orc.

Vanquished Creatures
  2 adders
  An ooze (D:2)
  A worm (D:2)
  A dart slug (D:2)
  2 leopard geckos
  7 orcs (D:3)
  6 bats
  2 giant cockroaches
  8 goblins
  6 hobgoblins
  11 kobolds
  A ball python (D:3)
  2 frilled lizards (D:3)
  6 rats
56 creatures vanquished.

Notes
Turn   | Place    | Note
-------+----------+-------------------------------------------
     0 | D:1      | Fang the Gargoyle Berserker began the quest for the Orb.
     0 | D:1      | Reached XP level 1. HP: 14/14 MP: 1/1
   141 | D:1      | Reached XP level 2. HP: 9/19 MP: 2/2
   978 | D:2      | Reached XP level 3. HP: 24/24 MP: 3/3
  1201 | D:2      | Reached ** piety under Trog
  1216 | D:2      | Reached skill level 4 in Fighting
  1253 | D:2      | Found a shimmering altar of Xom.
  1254 | D:2      | Found a shimmering altar of Xom.
  1372 | D:2      | Reached XP level 4. HP: 24/29 MP: 4/4
  1545 | D:2      | Found a sparkling altar of Nemelex Xobeh.
  1657 | D:3      | Found a sacrificial altar of Ru.
  2247 | D:3      | HP: 1/29 [orc/trident of venom (5)]
  2252 | D:3      | Slain by an orc

Skill      XL: |  1  2  3  4 |
---------------+-------------+-----
Axes           | 3 |  3.7
Fighting       | 4 |  4.1
Dodging        | 2 |  2.1
Armour         | |  2.6

Action                   |  1- 3 |  4- 6 || total
-------------------------+-------+-------++-------
Melee: Hand axe          |   111 |    86 ||   197
Invok: Berserk           |     2 |     1 ||     3
  Eat: Chunk             |     3 |     3 ||     6
Armor: Animal skin       |    37 |    27 ||    64
Dodge: Dodged            |    79 |    59 ||   138
